 Dungeon Crawl Stone Soup version 0.26-a0-949-ga0cc1ef5f6 (webtiles) character file.

Game seed: 14535825080757705155

22765 dickylongcocking the Grappler (level 13, -4/82 HPs)
             Began as an Octopode Fighter on Nov 28, 2020.
             Was an Initiate of Gozag.
             Killed from afar by an orc sorcerer (19 damage)
             ... with a bolt of fire
             ... on level 1 of the Orcish Mines.
             The game lasted 00:21:56 (21815 turns).

dickylongcocking the Grappler (Octopode Fighter)   Turns: 21815, Time: 00:21:57

Health: -4/82      AC:  1    Str: 15    XL:     13   Next: 2%
Magic:  0/22       EV: 23    Int: 21    God:    Gozag
Gold:   1818       SH: 11    Dex: 12    Spells: 17/24 levels left

rFire    . . .     SeeInvis .     - Unarmed
rCold    . . .     Faith    .   a - +0 kite shield
rNeg     . . .     Spirit   +   (helmet restricted)
rPois    .         Reflect  .   b - amulet of guardian spirit
rElec    .         Harm     .   i - +6 ring of intelligence
rCorr    .         Rampage  .   k - +4 ring of evasion
MR       .....                  z - +4 ring of evasion
Stlth    ++++++....             y - ring of stealth
HPRegen  0.23/turn              (no ring)
MPRegen  0.18/turn              (no ring)
                                (no ring)
                                (no ring)

@: gold aura, drained
A: almost no armour, stealthy swim, amphibious, 8 rings, constrict 8, camouflage
1, gelatinous body 1
a: Potion Petition, Call Merchant, Bribe Branch, Renounce Religion


You were on level 1 of the Orcish Mines.
You worshipped Gozag.
Gozag was most pleased with you.
You visited 2 branches of the dungeon, and saw 16 of its levels.

You collected 3775 gold pieces.
You spent 240 gold pieces at shops.
You paid 1717 gold pieces to Gozag.

Inventory:

Missiles
 g - 12 curare-tipped darts
 h - 5 large rocks (quivered)
 s - 9 boomerangs
 t - 16 poisoned darts
Armour
 a - a +0 kite shield (worn)
Jewellery
 b - an amulet of guardian spirit (around mantle)
 i - a +6 ring of intelligence (left tentacle)
 k - a +4 ring of evasion (right tentacle)
 y - a ring of stealth (on tentacle)
 z - a +4 ring of evasion (on tentacle)
Wands
 o - a wand of flame (41)
 G - a wand of digging (3)
Scrolls
 d - 6 scrolls of enchant armour
 f - 3 scrolls of immolation
 r - 3 scrolls of identify
 v - 6 scrolls of remove curse
 x - 4 scrolls of amnesia
 C - a scroll of silence
Potions
 c - a potion of cancellation
 e - a potion of resistance
 j - 3 potions of brilliance
 l - a potion of degeneration
 m - a potion of ambrosia {unknown}
 q - 2 potions of attraction
 u - a potion of curing
 w - a potion of mutation
 B - a potion of flight


   Skills:
 - Level 5.4(4.8) Fighting
 - Level 1.5(0.9) Throwing
 - Level 7.6(6.9) Dodging
 - Level 10.3(9.6) Stealth
 * Level 10.4(9.7) Shields
 - Level 11.3(10.6) Unarmed Combat
 * Level 6.2(5.6) Spellcasting
 - Level 5.5(4.9) Summonings
 * Level 3.8(3.2) Transmutations
 * Level 3.7(3.1) Earth Magic
 - Level 1.0(0.5) Evocations


You had 17 spell levels left.
You knew the following spells:

 Your Spells              Type           Power        Failure   Level
a - Call Canine Familiar  Summ           ####....     8%          3
b - Petrify               Tmut/Erth      ###.....     45%         4

Your spell library contained the following spells:

 Spells                   Type           Power        Failure   Level
 Summon Small Mammal      Summ           ####         2%          1
 Call Imp                 Summ           ####....     3%          2
 Sandblast                Erth           ###...       5%          1
 Passwall                 Tmut/Erth      ###.....     8%          2
 Corona                   Hex            #......      21%         1
 Summon Guardian Golem    Hex/Summ       ###.....     22%         3
 Ensorcelled Hibernation  Hex/Ice        #.....       30%         2
 Stone Arrow              Conj/Erth      ##....       30%         3
 Confusing Touch          Hex            #.......     52%         3
 Dazzling Flash           Conj/Hex       #.....       52%         3
 Tukima's Dance           Hex            #.......     52%         3
 Summon Ice Beast         Ice/Summ       ###.....     56%         4
 Summon Lightning Spire   Summ/Air       ###.....     56%         4
 Lee's Rapid Deconstruct  Erth           ###.......   82%         5
 Bolt of Magma            Conj/Fire/Erth ##........   98%         5
 Iskenderun's Battlesphe  Conj           #.......     99%         5
 Iron Shot                Conj/Erth      ##........   100%        6
 Orb of Destruction       Conj           #.........   100%        7
 Spellforged Servitor     Conj/Summ      ###.......   100%        7


Dungeon Overview and Level Annotations

Branches:
Dungeon (14/15)            Temple (0/1) D:6            Lair (0/6) D:11
    Orc (2/2) D:12            Elf (0/3) Orc:2
 Vaults: D:13-14

Altars:
Ashenzari
Gozag
Kikubaaqudgha
Nemelex Xobeh
Okawaru
Ru
Uskayaw
Zin
Beogh

Shops:
D:4 [   D:5 !   D:8 =   D:12 (

Annotations:
D:12 Maurice
D:14 Kirke


Innate Abilities, Weirdness & Mutations

You cannot wear most types of armour.
You are very stealthy in the water. (Stealth+)
You are amphibious.
You can wear up to eight rings at the same time.
You can use your tentacles to constrict eight enemies at once.
Your skin changes colour to match your surroundings (Stealth+).
Your rubbery body absorbs attacks. (AC +1, EV +1)


Message History

The hellwing closely misses you. The hellwing misses you.
Unknown command.
Unknown command.
You completely miss the orc sorcerer. You squeeze the orc sorcerer.
The orc sorcerer is heavily wounded.
You constrict the orc sorcerer.
The orc sorcerer points at you and mumbles some strange words.
The bolt of fire misses you.
Unknown command.
Unknown command.
You barely miss the orc sorcerer.
You squeeze the orc sorcerer, but do no damage.
The orc sorcerer is severely wounded.
You constrict the orc sorcerer. The hellwing hits you!
* * * LOW HITPOINT WARNING * * *
The hellwing closely misses you.
The orc sorcerer points at you and mumbles some strange words.
The bolt of fire hits you!!
You die...
Your body crumbles into a pile of gold.

###..........## ##
###......)#.....#### ##.
##.........##....##.##
#..
#.........###........#
###..
##.#.......####...#..#
#....
##.##.......##...#####
##... #...#......##....#
##.. ##.##......#>o.#.#
#### ###
#####.#...[$@.### ###.[#
# #####..4..# ##.#>## #
##.#.....# #....##
##...#.#..## ##.....#####
#...##.....###.......#.##
##.###.#.##.......#....##
### ######.......#....##
###.....###.#....
#..#...#######...


You could see a hellwing (summoned) and an orc sorcerer.

Vanquished Creatures
  Jorgrun (Orc:1)
  Harold (Orc:1)
  A hydra (D:11)
  A centaur warrior (D:14)
  Erica (D:9)
  Sonja (Orc:1)
  Nergalle (D:12)
  A manticore (D:14)
  3 orc sorcerers (Orc:1)
  3 ugly things
  A kobold demonologist (D:10)
  5 trolls
  Prince Ribbit (D:9)
  2 nameless horrors (D:12)
  3 slime creatures
  Sigmund (D:2)
  15 yaks
  A wraith (D:12)
  Eustachio (D:3)
  2 wargs (Orc:2)
  An acid dragon (D:12)
  Duvessa (D:6)
  7 orc warriors
  2 black bears
  A necrophage (D:9)
  An ice beast (D:9)
  A phantom (D:7)
  7 ogres
  7 centaurs
  24 big kobolds
  9 bullfrogs
  A gnoll sergeant (Orc:1)
  Dowan (D:6)
  2 scorpions
  A wyvern skeleton (D:11)
  16 wights
  An electric eel (D:6)
  2 howler monkeys
  A bullfrog zombie (D:7)
  2 centaur zombies
  5 centaur skeletons
  A bullfrog skeleton (D:11)
  5 hounds
  A jelly (D:8)
  12 orc priests
  14 orc wizards
  A gnoll shaman (Orc:1)
  Jessica (D:2)
  10 worker ants
  4 iguanas
  2 killer bee zombies
  2 worker ant zombies
  Robin (D:2)
  10 gnolls
  15 adders
  2 shadow imps
  3 white imps
  3 ufetubi
  An adder zombie (D:6)
  An adder skeleton (D:5)
  3 worms
  2 dart slugs
  A leopard gecko (D:6)
  65 orcs
  3 ball pythons
  4 giant cockroaches
  8 hobgoblins
  5 jackals
  29 kobolds
  3 quokkas
  5 bats
  A frilled lizard (D:1)
  11 goblins
  2 leopard gecko skeletons
  2 leopard gecko zombies
  5 rats
377 creatures vanquished.

Vanquished Creatures (collateral kills)
  A cyclops (Orc:1)
  3 yaks
  An orc (D:12)
  2 kobolds (D:12)
7 creatures vanquished.

Vanquished Creatures (others)
  An orc priest (D:5)
  An orc wizard (Orc:2)
  An orc (Orc:2)
  32 plants (D:5)
35 creatures vanquished.

Grand Total: 419 creatures vanquished

Notes
Turn   | Place    | Note
-------+----------+-------------------------------------------
     0 | D:1      | dickylongcocking the Octopode Fighter began the quest for
                  | the Orb.
     0 | D:1      | Reached XP level 1. HP: 16/16 MP: 1/1
   311 | D:1      | Reached XP level 2. HP: 13/21 MP: 2/2
  1101 | D:2      | Noticed Sigmund
  1108 | D:2      | Killed Sigmund
  1109 | D:2      | Reached XP level 3. HP: 26/26 MP: 3/3
  1109 | D:2      | Reached XP level 4. HP: 31/31 MP: 4/4
  1109 | D:2      | Reached XP level 5. HP: 36/36 MP: 5/5
  1151 | D:2      | Found an iron altar of Okawaru.
  1152 | D:2      | Found a hide-covered altar of Uskayaw.
  1314 | D:2      | Noticed Robin
  1318 | D:2      | Reached skill level 3 in Unarmed Combat
  1573 | D:2      | Killed Robin
  1615 | D:2      | Reached XP level 6. HP: 40/43 MP: 6/6
  1978 | D:2      | Noticed Jessica
  1982 | D:2      | Killed Jessica
  2174 | D:3      | Found a broken altar of Ashenzari.
  2311 | D:3      | Found a sacrificial altar of Ru.
  2408 | D:3      | Found an opulent altar of Gozag.
  2414 | D:3      | Became a worshipper of Gozag Ym Sagoz the Greedy
  2555 | D:3      | Found a glowing silver altar of Zin.
  3003 | D:3      | Found an ancient bone altar of Kikubaaqudgha.
  3130 | D:4      | Noticed Eustachio
  3533 | D:3      | Killed Eustachio
  3534 | D:3      | Reached skill level 4 in Unarmed Combat
  3534 | D:3      | Reached XP level 7. HP: 40/47 MP: 7/7
  3874 | D:4      | Found Nerhuf's Antique Armour Shop.
  4587 | D:5      | Entered Level 5 of the Dungeon
  4588 | D:5      | Found Mumem's Distillery.
  4593 | D:5      | Bought a potion of heal wounds for 75 gold pieces
  4593 | D:5      | Bought a potion of heal wounds for 75 gold pieces
  4593 | D:5      | Bought a potion of curing for 45 gold pieces
  4593 | D:5      | Bought a potion of curing for 45 gold pieces
  4600 | D:5      | Found Imesuasm's Book Boutique.
  4674 | D:5      | HP: 1/48 [centaur/arrow (4)]
  4821 | D:5      | Reached skill level 5 in Unarmed Combat
  4861 | D:5      | Reached skill level 5 in Shields
  4883 | D:5      | Reached XP level 8. HP: 54/54 MP: 8/8
  5702 | D:6      | Found a staircase to the Ecumenical Temple.
  5724 | D:6      | Reached skill level 5 in Dodging
  5741 | D:6      | Reached skill level 6 in Unarmed Combat
  6091 | D:6      | Reached skill level 5 in Stealth
  6091 | D:6      | Noticed Dowan
  6091 | D:6      | Noticed Duvessa
  6244 | D:6      | Killed Duvessa
  6252 | D:6      | Killed Dowan
  6803 | D:5      | Reached skill level 7 in Unarmed Combat
  7428 | D:7      | Reached XP level 9. HP: 52/59 MP: 7/9
  8143 | D:7      | Reached skill level 8 in Unarmed Combat
  9051 | D:8      | Found Macal's Jewellery Boutique.
  9660 | D:9      | Noticed Prince Ribbit
  9670 | D:9      | Killed Prince Ribbit
  9671 | D:9      | Reached skill level 1 in Throwing
  9671 | D:9      | Reached skill level 9 in Unarmed Combat
  9671 | D:9      | Reached XP level 10. HP: 31/65 MP: 4/10
 10413 | D:9      | Found Paeptin's Elemental Accessories.
 10413 | D:9      | Noticed Erica
 10424 | D:9      | Killed Erica
 10425 | D:9      | Reached skill level 1 in Evocations
 10561 | D:9      | Reached skill level 5 in Fighting
 10902 | D:9      | Reached skill level 10 in Unarmed Combat
 10973 | D:10     | Entered Level 10 of the Dungeon
 11472 | D:10     | Reached skill level 10 in Stealth
 11990 | D:10     | Noticed a kobold demonologist
 12370 | D:9      | Reached XP level 11. HP: 71/71 MP: 11/11
 12656 | D:10     | Reached skill level 11 in Unarmed Combat
 13309 | D:11     | Learned a level 3 spell: Call Canine Familiar
 13362 | D:11     | Found a sparkling altar of Nemelex Xobeh.
 13381 | D:11     | Noticed a purple ugly thing
 13385 | D:11     | Found a staircase to the Lair.
 13392 | D:11     | Killed a purple ugly thing
 13393 | D:11     | Reached skill level 1 in Summonings
 13397 | D:11     | Noticed a four-headed hydra
 13485 | D:11     | Reached skill level 1 in Spellcasting
 13673 | D:11     | Killed a four-headed hydra
 13955 | D:11     | You fall into a shaft and drop 1 floor!
 14567 | D:11     | You fall into a shaft and drop 3 floors!
 14568 | D:14     | Noticed a tengu warrior
 14575 | D:14     | Noticed Kirke
 14579 | D:14     | Noticed a centaur warrior
 14588 | D:14     | Killed a centaur warrior
 14640 | D:14     | Noticed a manticore
 14654 | D:14     | Killed a manticore
 14684 | D:12     | Noticed Maurice
 14684 | D:12     | Noticed a purple ugly thing
 15574 | D:11     | Reached XP level 12. HP: 50/77 MP: 5/17
 16049 | D:12     | Noticed Nergalle
 16495 | D:12     | Found a staircase to the Orcish Mines.
 16504 | D:12     | Found a roughly hewn altar of Beogh.
 16598 | D:11     | Reached skill level 5 in Summonings
 16871 | D:12     | Killed Nergalle
 17006 | D:12     | Found Parphull's Antique Weapon Shop.
 17316 | D:12     | Reached skill level 5 in Spellcasting
 19081 | D:12     | Learned a level 4 spell: Petrify
 19123 | Orc:1    | Entered Level 1 of the Orcish Mines
 19396 | Orc:1    | Reached skill level 1 in Transmutations
 19396 | Orc:1    | Reached skill level 1 in Earth Magic
 19624 | Orc:2    | Entered Level 2 of the Orcish Mines
 19625 | Orc:2    | Noticed Jorgrun
 19644 | Orc:2    | HP: 1/77 [Jorgrun/uncursed staff of earth (4)]
 19938 | Orc:1    | Killed Jorgrun
 19939 | Orc:1    | Reached skill level 10 in Shields
 20044 | Orc:2    | Found a staircase to the Elven Halls.
 20215 | Orc:1    | Noticed Harold
 20230 | Orc:1    | Killed Harold
 20718 | Orc:2    | Noticed an orc high priest
 20724 | Orc:2    | Noticed a soul eater
 20745 | Orc:2    | Paralysed by an orc sorcerer for 4 turns
 20755 | Orc:2    | Noticed a soul eater
 21061 | Orc:1    | Noticed Sonja
 21619 | Orc:1    | Killed Sonja
 21632 | Orc:1    | Reached XP level 13. HP: 82/82 MP: 16/22
 21815 | Orc:1    | Killed from afar by an orc sorcerer

Illustrated notes

Levels and vault maps discovered:
D:1:      scummos_arrival_gate, layout_basic
D:2:      layout_basic, chequers_temple_overflow_statue_of_worship,
          serial_park_tiny_pond, uniq_sigmund, uniq_robin, uniq_jessica
D:3:      layout_basic, nicolae_overflow_quartered_altars,
          kennysheep_pointless_box, dk_noncrumbling_2, evilmike_ruin_ashenzari
D:4:      layout_gridville, serial_shops, shop_statue, uniq_eustachio
D:5:      layout_basic, serial_bayou, serial_bayou_pond_c, serial_bayou_shore_a,
          serial_bayou_shore_b, serial_bayou_lagoon_a, serial_shops,
          nicolae_shop_waterfront, shop
D:6:      layout_rooms, temple_pool_b, minivault_14, uniq_duvessa
D:7:      layout_cave_pods, grunt_ministairs_6
D:8:      layout_basic, serial_shops, shop
D:9:      layout_roguey, nicolae_elemental_shop, uniq_erica, uniq_prince_ribbit1
D:10:     layout_roguey [special_room_kobold],
          eino_small_chamber_without_monster
D:11:     layout_small_grid, david_lair_generic, basic_altar
D:12:     layout_long_grid, minmay_orc_entry_temple_small, serial_shops,
          nicolae_shop_statue_plus, minmay_diced_spiral, uniq_maurice,
          uniq_nergalle
D:13:     layout_roguey, uniq_erolcha, uniq_snorg
D:14:     layout_gridville, skrybe_vaults_entry_preservation,
          minmay_misc_feat_encased, cheibriados_altar_1, uniq_kirke
Orc:1:    layout_diamond_mine, nicolae_orc_crystal_geode, uniq_harold,
          uniq_sonja
Orc:2:    st_orc_congregation, layout_caves, serial_shops,
          nicolae_shop_temple_entry_statues_fountains, special_room,
          uniq_jorgrun

Skill      XL: |  1  2  3  4  5  6  7  8  9 10 11 12 |
---------------+-------------------------------------+-----
Stealth        | 2 3 4 6 8 10 | 10.3
Shields        | 4 5 6 7 8 10 | 10.4
Unarmed Combat | 3 4 5 7 9 10 11 | 11.3
Dodging        | 4 5 6 7 |  7.6
Fighting       | 4 5 |  5.4
Throwing       | 1 |  1.5
Evocations     | 1 |  1.0
Summonings     | 4 5 |  5.5
Spellcasting   | 3 6 |  6.2
Transmutations | 3 |  3.8
Earth Magic    | 3 |  3.7

Action                   |  1- 3 |  4- 6 |  7- 9 | 10-12 | 13-15 || total
-------------------------+-------+-------+-------+-------+-------++-------
Melee: Unarmed           |    43 |   118 |   376 |   751 |    11 ||  1299
       Constrict         |    11 |    37 |    89 |    98 |     3 ||   238
       Tentacles         |     4 |    23 |    66 |   167 |     4 ||   264
       Punch             |     1 |     6 |    23 |    66 |     4 ||   100
Throw: Dart              |       |       |     8 |     6 |       ||    14
 Cast: Call Canine Famil |       |       |       |    44 |       ||    44
       Petrify           |       |       |       |     1 |     1 ||     2
Invok: Potion Petition   |       |       |       |     4 |       ||     4
Evoke: Wand              |       |       |       |     8 |       ||     8
  Use: Potion            |     1 |     1 |     5 |    12 |     2 ||    21
       Scroll            |       |       |     3 |    22 |       ||    25
 Stab: Sleeping          |     3 |     3 |    16 |    19 |       ||    41
       Distracted        |       |       |     4 |     7 |       ||    11
       Paralysed         |       |       |       |    14 |       ||    14
       Invisible         |       |       |       |     6 |       ||     6
       Petrified         |       |       |       |     2 |       ||     2
Armor: Skin              |     2 |     3 |     9 |    36 |       ||    50
Dodge: Dodged            |    22 |    59 |   197 |   461 |    18 ||   757
Block: Kite shield       |    23 |    46 |   158 |   360 |     6 ||   593

Table legend: (Time is in decaauts)
 A = Elapsed time spent in this place.
 B = Non-inter-level travel time spent in this place.
 C = Inter-level travel time spent in this place.
 D = Time resting spent in this place.
 E = Time spent auto-exploring this place.
 F = Levels seen in this place.
 G = Mean time per level.
                   A        B        C        D        E       F      G
               +--------+--------+--------+--------+--------+-----+--------+
         Total |  21707 |  21215 |    492 |   6993 |  10330 |  16 | 1356.7 |
       Dungeon |  19256 |  18806 |    450 |   6007 |   9361 |  14 | 1375.4 |
  Orcish Mines |   2451 |   2410 |     41 |    985 |    969 |   2 | 1225.5 |
               +--------+--------+--------+--------+--------+-----+--------+

Top non-repeatable levels by time:
    D:12: 4104 daAuts
   Orc:1: 2003 daAuts
     D:9: 1828 daAuts
    D:11: 1823 daAuts
     D:6: 1793 daAuts
     D:3: 1618 daAuts
    D:10: 1425 daAuts
     D:8: 1303 daAuts
     D:7: 1240 daAuts
     D:1: 1225 daAuts
     D:4: 1058 daAuts
     D:5: 899 daAuts
     D:2: 819 daAuts
   Orc:2: 448 daAuts
    D:14: 106 daAuts
